 Dungeon Crawl Stone Soup version 0.28-a0-511-gcc94558de3 (webtiles) character file.

Game seed: 8017253682664674036

1832 robertstho the Thaumaturge (level 9, -9/62 HPs)
             Began as a Djinni Fire Elementalist on Sept 21, 2021.
             Mangled by an orc warrior (13 damage)
             ... on level 7 of the Dungeon.
             The game lasted 00:10:58 (8952 turns).

robertstho the Thaumaturge (DjFE)                   Turns: 8952, Time: 00:10:58

Health: -9/62      AC:  3    Str:  7    XL:     9   Next: 33%
Gold:   259        EV: 12    Int: 20    God:
                   SH:  0    Dex: 14

rFire   + + +      SeeInvis .   k - +0 dagger (venom)
rCold   x . .      Faith    .   (no shield)
rNeg    . . .      Spirit   .   a - +0 robe
rPois   ∞          Reflect  .   (no helmet)
rElec   .          Harm     .   (no cloak)
rCorr   .          Rampage  .   m - +0 pair of gloves
Will    .....                   (boots unavailable)
Stlth   ++........              l - amulet of the acrobat
HPRegen 0.20/turn               q - ring of protection from fire
MPRegen 0.00/turn               (no ring)

@: flying
A: sickness immunity, fire resistance 2, cold vulnerability 1, float, innate
caster, hp casting, extra vitality 1
a: no special abilities


You were on level 7 of the Dungeon.
You visited 2 branches of the dungeon, and saw 8 of its levels.

You collected 259 gold pieces.

Inventory:

Hand Weapons
 b - a +0 dagger
 k - a +0 dagger of venom (weapon)
 u - a +2 dagger of holy wrath
Armour
 a - a +0 robe (worn)
 m - a +0 pair of gloves (worn)
 t - a +0 buckler
Jewellery
 l - an amulet of the acrobat (around neck)
 q - a ring of protection from fire (left hand)
Wands
 g - a wand of flame (19)
Scrolls
 d - 2 scrolls of vulnerability {unknown}
 e - 2 scrolls of immolation {unknown}
 h - 6 scrolls of teleportation
 n - a scroll of blinking {unknown}
 o - a scroll of silence {unknown}
 r - 4 scrolls of identify
 s - 3 scrolls of magic mapping {unknown}
 v - a scroll of amnesia {unknown}
Potions
 c - a potion of invisibility
 f - a potion of attraction {unknown}
 i - 3 potions of mutation {unknown}
 j - 2 potions of ambrosia
 p - 2 potions of curing {unknown}


   Skills:
 * Level 3.9 Fighting
 + Level 2.8 Dodging
 + Level 2.4 Stealth
 * Level 8.4 Spellcasting


You had one spell level left.
You knew the following spells:

 Your Spells              Type           Power      Damage    Failure   Level
a - Foxfire               Conj/Fire      100%       2x1d9     1%          1
b - Scorch                Fire           84%        2d9       1%          2
c - Conjure Flame         Conj/Fire      42%        6-21      1%          3
d - Inner Flame           Hex/Fire       42%        N/A       1%          3
e - Flame Wave            Conj/Fire      42%        3d8       2%          4
f - Summon Small Mammal   Summ           100%       N/A       1%          1
g - Searing Ray           Conj           84%        2d7       1%          2
h - Mephitic Cloud        Conj/Pois/Air  42%        N/A       1%          3
i - Ice Form              Ice/Tmut       42%        N/A       2%          4
Your spell library was empty.

Dungeon Overview and Level Annotations

Branches:
Dungeon (7/15)             Temple (1/1) D:4

Altars:
Ashenzari
Cheibriados
Dithmenos
Elyvilon
Fedhas
Hepliaklqana
Kikubaaqudgha
Makhleb
Nemelex Xobeh
Qazlal
Ru
Sif Muna
Trog
Uskayaw
Vehumet
Wu Jian
Xom
Yredelemnul
Zin

Annotations:
D:7 1 transporter, RandomusNamus's ghost, novice TrMo


Innate Abilities, Weirdness & Mutations

You are immune to sickness and miasma.
You are immune to poison.
Your flesh is very heat resistant. (rF++)
You are vulnerable to cold. (rC-)
You float through the air rather than walking.
You learn spells naturally, not from books.
Your magical power is your life essence.
You have superior vitality. (+4 HP)


Message History

The foxfire hits the orc warrior.
The orc warrior is moderately wounded.
The orc warrior barely misses you.
The foxfire hits the orc warrior.
The orc warrior is moderately wounded.
Casting: Foxfire (safe; 1% risk of failure)
Confirm with . or Enter, or press ? or * to list all spells.
Flames lash the orc.
You kill the orc!
The foxfire hits the orc warrior but does no damage.
The orc warrior is moderately wounded.
The foxfire hits the orc warrior but does no damage.
The orc warrior is moderately wounded.
The orc warrior barely misses you.
Casting: Scorch (safe; 1% risk of failure)
Confirm with . or Enter, or press ? or * to list all spells.
Flames lash the orc warrior.
The orc warrior is heavily wounded.
The orc warrior's fire resistance burns away.
The orc warrior hits you from afar with a +2 vorpal glaive!
Unknown command.
Casting: Scorch (safe; 1% risk of failure)
Confirm with . or Enter, or press ? or * to list all spells.
Flames lash the orc warrior.
The orc warrior is heavily wounded.
The orc warrior hits you from afar with a +2 vorpal glaive.
Unknown command.
Casting: Scorch (safe; 1% risk of failure)
Confirm with . or Enter, or press ? or * to list all spells.
Flames lash the orc warrior.
The orc warrior is burned terribly!
The orc warrior is almost dead.
The orc warrior hits you from afar with a +2 vorpal glaive!
* * * LOW HITPOINT WARNING * * *
x2 Unknown command.
Casting: Scorch (safe; 1% risk of failure)
Confirm with . or Enter, or press ? or * to list all spells.
Flames lash the orc warrior but do no damage.
* * * LOW HITPOINT WARNING * * *
The orc warrior is no longer more vulnerable to fire.
The orc warrior hits you from afar with a +2 vorpal glaive!
You die...

#.# #.#.# #.#
#.#.# #.# #...#
..# ##..## #
#...# . #...#
#...##
####.)..#####
#..o.@©......
##..
..)...)#####...#
...#
....$###CWO###..
#### ###.#
.yg..# . #..
#..### ### #.
#..# ..# # ≈()$
..# #._. ..#


You could see a moth of wrath, a cyclops, an orc warrior, an ogre, a gnoll
sergeant and RandomusNamus's ghost.

Vanquished Creatures
  Grinder (D:4)
  Sigmund (D:3)
  Edmund (D:5)
  A sky beast (D:5)
  3 ogres
  A centaur (D:6)
  2 bullfrogs (D:7)
  3 scorpions
  A wyvern skeleton (D:6)
  A centaur zombie (D:7)
  2 hounds
  A gnoll shaman (D:6)
  A bullfrog skeleton (D:6)
  3 iguanas
  An orc wizard (D:5)
  2 hound skeletons (D:4)
  Robin (D:3)
  8 gnolls (D:6)
  A howler monkey skeleton (D:4)
  A howler monkey zombie (D:7)
  5 adders
  3 white imps
  3 ufetubi
  2 adder skeletons (D:4)
  3 worms
  3 dart slugs
  21 orcs
  7 bats
  9 endoplasms
  4 giant cockroaches
  16 goblins
  13 hobgoblins
  2 quokkas
  9 ball pythons
  5 frilled lizards
  6 kobolds
  4 rats
151 creatures vanquished.

Vanquished Creatures (others)
  321 foxfires
  10 plants
331 creatures vanquished.

Grand Total: 482 creatures vanquished

Notes
Turn   | Place    | Note
-------+----------+-------------------------------------------
     0 | D:1      | robertstho the Djinni Fire Elementalist began the quest for
                  | the Orb.
     0 | D:1      | Reached XP level 1. HP: 15/15 MP: 0/0
   106 | D:1      | Reached XP level 2. HP: 4/21 MP: 0/0
   546 | D:1      | Reached skill level 3 in Spellcasting
   705 | D:1      | Found a faded altar of an unknown god.
   790 | D:1      | Reached XP level 3. HP: 18/25 MP: 0/0
   790 | D:1      | Learned a level 1 spell: Summon Small Mammal
  2143 | D:2      | Reached skill level 1 in Fighting
  2143 | D:2      | Reached XP level 4. HP: 23/32 MP: 0/0
  3492 | D:3      | Noticed Sigmund
  3500 | D:3      | Killed Sigmund
  3501 | D:3      | Reached skill level 4 in Spellcasting
  3501 | D:3      | Reached XP level 5. HP: 26/38 MP: 0/0
  3501 | D:3      | Learned a level 2 spell: Searing Ray
  3501 | D:3      | Reached XP level 6. HP: 30/43 MP: 0/0
  3699 | D:3      | Noticed Robin
  3714 | D:3      | Killed Robin
  4384 | D:4      | Reached skill level 5 in Spellcasting
  4391 | D:4      | Reached XP level 7. HP: 13/49 MP: 0/0
  4391 | D:4      | Learned a level 3 spell: Mephitic Cloud
  4749 | D:4      | Found a staircase to the Ecumenical Temple.
  4842 | D:4      | Noticed Grinder
  4851 | D:4      | Killed Grinder
  5010 | D:4      | Reached skill level 6 in Spellcasting
  5327 | D:4      | Reached XP level 8. HP: 51/55 MP: 0/0
  5632 | Temple   | Entered the Ecumenical Temple
  5827 | D:5      | Entered Level 5 of the Dungeon
  6042 | D:5      | Noticed Edmund
  6054 | D:5      | Killed Edmund
  6055 | D:5      | Reached skill level 7 in Spellcasting
  6989 | D:6      | Found a shadowy altar of Dithmenos.
  7733 | D:6      | Reached XP level 9. HP: 42/61 MP: 0/0
  7733 | D:6      | Learned a level 4 spell: Ice Form
  7887 | D:6      | Reached skill level 8 in Spellcasting
  8270 | D:6      | Found an ornate altar of the Wu Jian Council.
  8930 | D:7      | Found a transporter.
  8932 | D:7      | Noticed a cyclops
  8937 | D:7      | Noticed RandomusNamus's ghost (novice TrMo)
  8938 | D:7      | Noticed a moth of wrath
  8941 | D:7      | Found a bloodstained altar of Trog.
  8952 | D:7      | Mangled by an orc warrior

Illustrated notes

Levels and vault maps discovered:
D:1:      amcnicky_arrival_gap_in_the_tavern_cellar, layout_loops_ring,
          shapermc_ecumenical_altar_venn
D:2:      cheibrodos_old_hovel, layout_loops_ring, grunt_ministairs_15
D:3:      layout_rooms, mrwooster_statue_mirror, uniq_sigmund, uniq_robin
D:4:      layout_basic, minmay_temple_entry_poolview, serial_curves,
          eino_curves_04, eino_curves_03, serial_bayou_pond_e,
          grunt_ministairs_6, lemuel_old_faithful, uniq_grinder
D:5:      layout_layer_cave, uniq_edmund
D:6:      layout_loops_corners, overflow_temple_1_default,
          mainiacjoe_overflow_chevrons, nicolae_wu_jian_wuxing_cycle
D:7:      layout_loops_ring, gammafunk_ghost_wrathful_warriors
Temple:   nicolae_temple_elliptical

Skill      XL: |  1  2  3  4  5  6  7  8  9 |
---------------+----------------------------+-----
Spellcasting   | 3 4 5 6 7 8 |  8.4
Fighting       | 1 2 3 |  3.9
Stealth        | 2 |  2.4
Dodging        | |  2.8

Action                   |  1- 3 |  4- 6 |  7- 9 || total
-------------------------+-------+-------+-------++-------
Melee: Dagger            |    11 |    10 |     5 ||    26
 Cast: Foxfire           |    40 |    33 |   113 ||   186
       Scorch            |    29 |    59 |    42 ||   130
       Flame Wave        |       |       |     8 ||     8
  Use: Scroll            |       |     3 |       ||     3
       Potion            |       |     2 |       ||     2
 Stab: Sleeping          |     1 |       |       ||     1
Armor: Robe              |     7 |    10 |     9 ||    26
Dodge: Dodged            |    20 |    37 |    32 ||    89

Table legend: (Time is in decaauts)
 A = Elapsed time spent in this place.
 B = Non-inter-level travel time spent in this place.
 C = Inter-level travel time spent in this place.
 D = Time resting spent in this place.
 E = Time spent auto-exploring this place.
 F = Levels seen in this place.
 G = Mean time per level.
                   A        B        C        D        E       F      G
               +--------+--------+--------+--------+--------+-----+--------+
         Total |   8950 |   8703 |    247 |    489 |   7327 |   8 | 1118.8 |
       Dungeon |   8789 |   8569 |    220 |    489 |   7208 |   7 | 1255.6 |
        Temple |    160 |    133 |     27 |      0 |    119 |   1 |  160.0 |
               +--------+--------+--------+--------+--------+-----+--------+

Top non-repeatable levels by time:
     D:1: 1743 daAuts
     D:6: 1691 daAuts
     D:2: 1417 daAuts
     D:3: 1332 daAuts
     D:4: 1172 daAuts
     D:5: 1155 daAuts
     D:7: 276 daAuts
  Temple: 160 daAuts
